 Dungeon Crawl Stone Soup version 0.31-a0-237-g2d982f9f85 (webtiles) character file.

Game seed: 7860189276870086299

176 qw the Shooter (level 5, -1/45 HPs)
             Began as a Minotaur Hexslinger on July 10, 2023.
             Slain by Eustachio
             ... wielding a +0 rapier
              (5 damage)
             ... on level 4 of the Dungeon.
             The game lasted 00:01:05 (2467 turns).

qw the Shooter (Minotaur Hexslinger)                Turns: 2467, Time: 00:01:05

Health: -1/45      AC:  8    Str: 13    XL:     5   Next: 30%
Magic:  5/5        EV: 11    Int: 10    God:
Gold:   18         SH:  0    Dex: 14    Spells: 5/6 levels left

rFire   . . .        Y - +2 sling
rCold   . . .        (no shield)
rNeg    . . .        d - +0 ring mail
rPois   +            (helmet restricted)
rElec   .            (no cloak)
rCorr   .            c - +2 pair of gloves {infuse}
SInv    .            (no boots)
Will    .....        g - amulet of the acrobat
Stlth   +            i - ring of poison resistance
HPRegen 0.27/turn    (no ring)
MPRegen 0.09/turn

%: acrobat, infuse magic (1 MP)
@: no status effects
A: horns 2, retaliatory headbutt
a: no special abilities


You were on level 4 of the Dungeon.
You visited 1 branch of the dungeon, and saw 4 of its levels.

You collected 96 gold pieces.
You spent 78 gold pieces at shops.


Innate Abilities, Weirdness & Mutations

You have a pair of horns on your head.
You reflexively headbutt those who attack you in melee.


   Skills:
 - Level 3.0 Fighting
 + Level 5.4 Ranged Weapons
 - Level 1.0 Armour
 - Level 2.1 Dodging
 - Level 1.0 Spellcasting
 - Level 2.0 Hexes


You had 5 spell levels left.
You knew the following spells:

 Your Spells              Type           Power      Damage    Failure   Level
a - Slow                  Hex            16%        N/A       32%         1

Your spell library contained the following spells:

 Spells                   Type           Power      Damage    Failure   Level
 Inner Flame              Hex/Fire       2%         N/A       82%         3
 Portal Projectile        Hex/Tloc       4%         N/A       82%         3
 Cause Fear               Hex            2%         N/A       97%         4

Inventory:

Hand Weapons
 Y - a +2 sling (weapon)
Armour
 c - a +2 pair of gloves of infusion (worn)
 d - a +0 ring mail (worn)
Jewellery
 g - an amulet of the acrobat (around neck)
 i - a ring of poison resistance (left hand)
Scrolls
 h - a scroll of identify
Potions
 a - a potion of cancellation
 b - 3 potions of curing

Dungeon Overview and Level Annotations

Branches:
Dungeon (4/15)
 Temple: D:4-7

Altars:

Shops:
D:3 *![

Annotations:
D:3 2 transporters
D:4 Eustachio


Message History

Eustachio hits you but does no damage.
You shoot a sling bullet. The sling bullet hits Eustachio.
Eustachio is heavily wounded.
The bat hits you. The crimson imp barely misses you.
Eustachio hits you with a +0 rapier.
The crimson imp hits you but does no damage.
You shoot a sling bullet.
The sling bullet closely misses Eustachio.
The bat hits you but does no damage. The bat hits you.
Eustachio hits you but does no damage. The crimson imp completely misses you.
You shoot a sling bullet.
The sling bullet barely misses Eustachio.
The bat misses you. Eustachio misses you.
The crimson imp blinks!
Eustachio hits you but does no damage.
You shoot a sling bullet. The sling bullet hits Eustachio.
Eustachio is heavily wounded.
The bat closely misses you. The bat barely misses you.
Eustachio barely misses you.
You shoot a sling bullet.
The sling bullet hits Eustachio but does no damage.
Eustachio is heavily wounded.
The crimson imp disappears in a puff of smoke!
The bat misses you. Eustachio hits you but does no damage.
You shoot a sling bullet. The sling bullet hits Eustachio.
Eustachio is heavily wounded.
The bat hits you but does no damage. Eustachio hits you with a +0 rapier!
You shoot a sling bullet. The sling bullet misses Eustachio.
The bat barely misses you. Eustachio barely misses you.
You shoot a sling bullet. The sling bullet hits Eustachio.
Eustachio is severely wounded.
The bat completely misses you.
Eustachio calls on the powers of shadow!
Eustachio hits you but does no damage.
Eustachio growls, "To hell with you, honourless miscreant!"
Eustachio hits you with a +0 rapier.
You shoot a sling bullet.
The sling bullet closely misses Eustachio.
The bat closely misses you. The bat hits you.
Eustachio hits you with a +0 rapier.
You die...

#######################.#
..# #.# ###########.# #.#
.......#..#)###.#
...............>########
#........#.###........#
#.....................#
.#....b................#
.......@@....##........#
.#..[###....####^......#
... #x##..##..####....# #
#. #..#5...$. #..## #.
#..###.^... ..# #.
#...### ..## .# ##
##....# ###.## ###


You could see Eustachio, a small abomination, an iron imp and a bat (summoned).

Vanquished Creatures
  Robin (D:2)
  5 gnolls
  4 adders
  A worm (D:2)
  A dart slug (D:2)
  2 orcs
  8 ball pythons
  2 bats
  6 endoplasms
  5 giant cockroaches
  12 goblins
  5 hobgoblins
  8 kobolds
  5 quokkas
  A frilled lizard (D:1)
  7 rats
73 creatures vanquished.

Notes
Turn   | Place    | Note
-------+----------+-------------------------------------------
     0 | D:1      | qw the Minotaur Hexslinger began the quest for the Orb.
     0 | D:1      | Reached XP level 1. HP: 16/16 MP: 1/1
     0 | D:1      | 0 ||| qw: Version: 0.3-a-52-g30416fa
     0 | D:1      | 0 ||| qw: Game counter: 5311
     0 | D:1      | 0 ||| qw: Melee chars always use a shield: true
     0 | D:1      | 0 ||| qw: God list: Okawaru
     0 | D:1      | 0 ||| qw: Allow faded altars: false
     0 | D:1      | 0 ||| qw: Do Orc after clearing Dungeon:15 true
     0 | D:1      | 0 ||| qw: Do second Lair branch before Depths: true
     0 | D:1      | 0 ||| qw: Lair rune preference: random
     0 | D:1      | 0 ||| qw: Goals: Normal
     0 | D:1      | 0 ||| PLANNING D:1-11
   107 | D:1      | 107 ||| FLEEEEING.
   108 | D:1      | 108 ||| FLEEEEING.
   109 | D:1      | 109 ||| FLEEEEING.
   110 | D:1      | 110 ||| FLEEEEING.
   111 | D:1      | 111 ||| FLEEEEING.
   112 | D:1      | 112 ||| FLEEEEING.
   141 | D:1      | Found a faded altar of an unknown god.
   150 | D:1      | HP: 4/16 [gnoll/+0 flail (3)]
   154 | D:1      | Reached skill level 3 in Ranged Weapons
   154 | D:1      | Reached XP level 2. HP: 7/23 MP: 2/2
   443 | D:1      | Reached XP level 3. HP: 29/29 MP: 3/3
   800 | D:1      | 800 ||| UPGRADING to +0 ring mail.
   810 | D:1      | 810 ||| DROPPING +0 robe.
   811 | D:1      | 811 ||| UPGRADING to amulet of the acrobat.
   816 | D:1      | 816 ||| UPGRADING to ring of poison resistance.
   817 | D:1      | 817 ||| READING 2 scrolls labelled IDIATE DIBE.
   818 | D:1      | 818 ||| READING 2 scrolls labelled NOREJI TEZEUQE.
   819 | D:1      | 819 ||| DRINKING 3 coppery potions.
   824 | D:1      | 824 ||| DROPPING scroll of fear.
   825 | D:1      | 825 ||| DROPPING scroll of poison.
   826 | D:1      | 826 ||| DROPPING 2 potions of ambrosia.
   858 | D:2      | Noticed Robin
   863 | D:2      | Reached skill level 4 in Ranged Weapons
   865 | D:2      | 865 ||| STAIRDANCE
   871 | D:1      | Reached skill level 1 in Armour
   888 | D:2      | 888 ||| STAIRDANCE
   930 | D:2      | Killed Robin
   979 | D:2      | Reached XP level 4. HP: 30/36 MP: 4/4
  1068 | D:2      | Reached skill level 5 in Ranged Weapons
  1653 | D:2      | 1653 ||| READING scroll labelled WUYNNE CENYIDI.
  1654 | D:2      | 1654 ||| READING scroll labelled BUAFUG QUTOPHE.
  1657 | D:2      | 1657 ||| READING scroll labelled DAUFIE XULLAD.
  1658 | D:2      | 1658 ||| READING scroll labelled YVECEPP SIUMN.
  1659 | D:2      | 1659 ||| READING 2 scrolls of identify.
  1659 | D:2      | 1659 ||| IDENTIFYING fizzy red potion
  1681 | D:3      | 1681 ||| STAIRDANCE
  1685 | D:2      | Reached skill level 3 in Fighting
  1685 | D:2      | Reached XP level 5. HP: 42/45 MP: 5/5
  1806 | D:3      | Found Hitwacum's Distillery.
  1810 | D:3      | 1810 ||| BUYING potion of curing (39 gold).
  1810 | D:3      | Bought a potion of curing for 39 gold pieces
  1810 | D:3      | 1810 ||| BUYING potion of curing (39 gold).
  1810 | D:3      | Bought a potion of curing for 39 gold pieces
  1810 | D:3      | 1810 ||| SHOPLISTING potion of mutation (104 gold, have
                  | 10).
  1859 | D:3      | Found a transporter.
  1862 | D:3      | Found Jiguil's Assorted Antiques.
  1943 | D:3      | Found a transporter.
  2170 | D:3      | Found Woeweas's Antique Armour Emporium.
  2185 | D:3      | 2185 ||| SHOPLISTING glowing ring mail (168 gold, have 18).
  2185 | D:3      | 2185 ||| SHOPLISTING runed ring mail (168 gold, have 18).
  2279 | D:3      | 2279 ||| UPGRADING to +2 pair of gloves of infusion.
  2284 | D:3      | 2284 ||| READING scroll labelled JODEAG WORO.
  2285 | D:3      | 2285 ||| READING scroll labelled SIOLLU QUEM BIESAA.
  2432 | D:4      | Noticed Eustachio
  2464 | D:4      | HP: 6/45 [Eustachio/+0 rapier (7)]
  2467 | D:4      | Slain by Eustachio

Levels and vault maps discovered:
D:1:      dpeg_arrival_radiant, layout_loops_ring,
          shapermc_ecumenical_altar_mp_urbaneastern, st_stairs_10
D:2:      minmay_angry_zag, layout_loops_cross, minivault_25, uniq_robin
D:3:      layout_loops_cross, serial_shops, nicolae_shop_drivethru,
          nicolae_shop_pleasant_corner_grove, shop
D:4:      layout_basic, minmay_temple_entry_arrows,
          gammafunk_ghost_abyssal_escape, kennysheep_path_1,
          due_unseen_surprise, uniq_eustachio

Skill      XL: |  1  2  3  4 |
---------------+-------------+-----
Ranged Weapons | 3 4 5 |  5.4
Fighting       | 2 3 |  3.0
Armour         | 1 |  1.0
Dodging        | |  2.1
Spellcasting   | |  1.0
Hexes          | |  2.0

Action                     |  1- 3 |  4- 6 || total
---------------------------+-------+-------++-------
   Fire: Sling             |   112 |   125 ||   237
    Use: Scroll            |     2 |     7 ||     9
         Potion            |     1 |       ||     1
 Armour: Robe              |     8 |       ||     8
         Ring mail         |    15 |    48 ||    63
  Dodge: Dodged            |    51 |    81 ||   132

Table legend:
 A = Non-vault XP
 B = Vault XP
 C = Vault XP percentage of total XP
 D = Non-vault monster count
 E = Vault monster count
 F = Vault count percentage of total count
                 A         B        C        D         E       F
            +---------+---------+-------+---------+---------+-------
      Total |     212 |      40 |  15.9 |      57 |      16 |  21.9
            +---------+---------+-------+---------+---------+-------
        D:1 |      56 |       7 |  11.1 |      25 |       4 |  13.8
        D:2 |     110 |      33 |  23.1 |      19 |      12 |  38.7
        D:3 |      43 |       0 |   0.0 |      12 |       0 |   0.0
        D:4 |       3 |       0 |   0.0 |       1 |       0 |   0.0
            +---------+---------+-------+---------+---------+-------
